 Dungeon Crawl Stone Soup version 0.22.1-2-g9c5b331 (webtiles) character file.

1448 donalftrump the Destroyer (level 8, -3/41 HPs)
             Began as a Deep Elf Conjurer on Jan 4, 2019.
             Was a Follower of Vehumet.
             Slain by a bullfrog (5 damage)
             ... on level 7 of the Dungeon.
             The game lasted 00:18:19 (5528 turns).

donalftrump the Destroyer (Deep Elf Conjurer)       Turns: 5528, Time: 00:18:20

Health: -3/41      AC:  5    Str: 12    XL:     8   Next: 46%
Magic:  6/21       EV: 18    Int: 26    God:    Vehumet [*.....]
Gold:   369        SH: 10    Dex: 22    Spells: 17/22 levels left

rFire    + + .     SeeInvis .   g - +2 dagger (venom)
rCold    + . .     Gourm    .   w - +0 buckler
rNeg     . . .     Faith    .   x - +1 robe "Wesowob" {rPois Regen+ Dex+2}
rPois    +         Spirit   .   e - +1 helmet
rElec    .         Reflect  .   (no cloak)
rCorr    .         Harm     .   (no gloves)
MR       .....                  (no boots)
Stlth    ++++......             (no amulet)
HPRegen  0.93/turn              r - ring of protection from fire
MPRegen  0.17/turn              k - ring of protection from cold

@: mighty, brilliant, agile
A: large bone plates 1, fire resistance 1, regeneration 1
a: Renounce Religion


You were on level 7 of the Dungeon.
You worshipped Vehumet.
Vehumet was aware of your devotion.
You were very hungry.

You visited 1 branch of the dungeon, and saw 7 of its levels.

You collected 369 gold pieces.

Inventory:

Hand Weapons
 g - a +2 dagger of venom (weapon)
 z - a +0 blowgun
Missiles
 A - 33 poisoned needles
Armour
 e - a +1 helmet (worn)
 w - a +0 buckler (worn)
 x - the +1 robe "Wesowob" (worn) {rPois Regen+ Dex+2}
   (You found it on level 4 of the Dungeon)

   It affects your dexterity (+2).
   It protects you from poison.
   It increases your rate of regeneration.
Jewellery
 a - an uncursed ring of magical power {unknown}
 k - a ring of protection from cold (right hand)
 r - a ring of protection from fire (left hand)
Wands
 j - a wand of digging (12)
 s - a wand of flame (18)
Scrolls
 d - a scroll of amnesia {unknown}
 h - 5 scrolls of identify
 l - 3 scrolls of enchant weapon {unknown}
 m - 5 scrolls of remove curse
 p - 3 scrolls of teleportation {unknown}
 v - a scroll of magic mapping {unknown}
 y - a scroll of immolation {unknown}
Potions
 f - a potion of agility
 o - 2 potions of might
 u - a potion of lignification
Comestibles
 c - 8 rations
 B - 2 chunks of flesh


   Skills:
 - Level 2.4 Dodging
 - Level 2.4 Stealth
 + Level 3.1 Shields
 + Level 7.8 Spellcasting
 * Level 9.8 Conjurations


You had 17 spell levels left.
You knew the following spells:

 Your Spells              Type           Power        Failure   Level  Hunger
a - Magic Dart            Conj           ####         1%          1    None
b - Iskenderun's Mystic   Conj           ######..     1%          4    ##.....

Your spell library contained the following spells:

 Spells                   Type           Power        Failure   Level  Hunger
 Shock                    Conj/Air       ####         1%          1    None
 Searing Ray              Conj           ######       1%          2    None
 Dazzling Spray           Conj/Hex       ######       1%          3    None
 Force Lance              Conj/Tloc      ######..     1%          4    ##.....
 Fulminant Prism          Conj/Hex       ######....   1%          4    ##.....


Dungeon Overview and Level Annotations

Branches:
Dungeon (7/15)             Temple (0/1) D:6

Altars:
Cheibriados
Fedhas
Hepliaklqana
Kikubaaqudgha
Nemelex Xobeh
Qazlal
Sif Muna
Uskayaw
Vehumet
Xom

Annotations:
D:6 Eustachio


Innate Abilities, Weirdness & Mutations

You are partially covered in large bone plates. (SH +4)
Your flesh is heat resistant. (rF+)
Your natural rate of healing is unusually fast.


Message History

You hit the ice beast.
You kill the ice beast!
Vehumet accepts your kill.
You feel less wooden.
Your +1 helmet unmelds from your body.
The +1 robe "Wesowob" {rPois Regen+ Dex+2} unmelds from your body.
The bullfrog completely misses you.
You closely miss the bullfrog. The bullfrog closely misses you.
The bullfrog misses you.
You closely miss the bullfrog. The bullfrog misses you.
You hit the bullfrog.
The bullfrog is poisoned.
The bullfrog is moderately wounded.
The bullfrog hits you!
* * * LOW HITPOINT WARNING * * *
The bullfrog misses you.
Okay, then.
As you read the scroll labeled VUCIBU CIQAV, it crumbles to dust.
You experience a momentary feeling of inescapable doom!
It was a scroll of random uselessness.
The bullfrog hits you.
You die...

.# #.# #.#
#.# ##.##
#######.(.###
.......F....#
#@.?# ###.##
#.<.# #.###
#.. ....
##..## ..(.
#...


You could see a bullfrog.

Vanquished Creatures
  A hippogriff (D:7)
  Edmund (D:5)
  A sky beast (D:5)
  An ice beast (D:7)
  An ogre (D:3)
  A big kobold (D:5)
  A scorpion (D:4)
  3 wights (D:6)
  A bullfrog zombie (D:6)
  A hound (D:4)
  2 jellies
  2 orc priests
  4 orc wizards
  3 iguanas
  2 worker ants
  A hound skeleton (D:5)
  4 gnolls (D:3)
  3 adders
  2 shadow imps (D:5)
  An ooze (D:1)
  6 adder skeletons
  2 worms (D:3)
  A dart slug (D:1)
  4 leopard geckos
  17 orcs
  5 bats
  3 giant cockroaches
  4 goblins
  9 hobgoblins
  3 jackals (D:3)
  3 quokkas (D:3)
  A ball python (D:1)
  5 frilled lizards
  25 kobolds
  A leopard gecko skeleton (D:5)
  11 rats
  4 plants (D:5)
140 creatures vanquished.

Notes
Turn   | Place    | Note
-------+----------+-------------------------------------------
     0 | D:1      | donalftrump the Deep Elf Conjurer began the quest for the
                  | Orb.
     0 | D:1      | Reached XP level 1. HP: 10/10 MP: 6/6
   114 | D:1      | Reached XP level 2. HP: 15/15 MP: 0/8
   235 | D:1      | Reached skill level 5 in Conjurations
   462 | D:1      | Reached XP level 3. HP: 15/19 MP: 8/10
   823 | D:2      | Found a deep blue altar of Sif Muna.
   836 | D:2      | Found a sparkling altar of Nemelex Xobeh.
  1410 | D:3      | Noticed an ogre
  1439 | D:3      | Found a faded altar of an unknown god.
  1461 | D:3      | Found a hazy altar of Hepliaklqana.
  1662 | D:3      | Reached XP level 4. HP: 19/24 MP: 9/12
  1669 | D:3      | Learned a level 4 spell: Iskenderun's Mystic Blast
  1882 | D:3      | Reached skill level 6 in Conjurations
  2376 | D:3      | Killed an ogre
  2376 | D:3      | Reached skill level 5 in Spellcasting
  2376 | D:3      | Reached XP level 5. HP: 28/28 MP: 1/14
  2516 | D:4      | Found a hide-covered altar of Uskayaw.
  2638 | D:4      | Reached skill level 7 in Conjurations
  2638 | D:4      | Reached XP level 6. HP: 32/32 MP: 16/16
  3350 | D:4      | Got a fine robe
  3361 | D:4      | Identified the +1 robe "Wesowob" {rPois Regen+ Dex+2} (You
                  | found it on level 4 of the Dungeon)
  3577 | D:5      | Entered Level 5 of the Dungeon
  3588 | D:5      | Found a blossoming altar of Fedhas.
  3592 | D:5      | Noticed a sky beast
  3597 | D:5      | Killed a sky beast
  3597 | D:5      | Reached skill level 1 in Shields
  3597 | D:5      | Reached skill level 8 in Conjurations
  3597 | D:5      | Reached XP level 7. HP: 36/36 MP: 5/18
  3853 | D:5      | Noticed Edmund
  3890 | D:5      | Killed Edmund
  4504 | D:5      | Found a stormy altar of Qazlal.
  4535 | D:5      | Found a radiant altar of Vehumet.
  4535 | D:5      | Found an ancient bone altar of Kikubaaqudgha.
  4536 | D:5      | Found a shimmering altar of Xom.
  4536 | D:5      | Found a snail-covered altar of Cheibriados.
  4543 | D:5      | Became a worshipper of Vehumet
  5102 | D:6      | Found a staircase to the Ecumenical Temple.
  5186 | D:6      | Reached * piety under Vehumet
  5186 | D:6      | Offered knowledge of Shock by Vehumet.
  5242 | D:6      | Reached skill level 9 in Conjurations
  5242 | D:6      | Reached XP level 8. HP: 41/41 MP: 15/20
  5358 | D:6      | Noticed Eustachio
  5492 | D:7      | Noticed a hippogriff
  5507 | D:7      | Killed a hippogriff
  5510 | D:7      | HP: 2/61 [ice beast (2)]
  5514 | D:7      | Gained mutation: You are partially covered in large bone
                  | plates. (SH +4) [potion of mutation]
  5514 | D:7      | Gained mutation: Your natural rate of healing is unusually
                  | fast. [potion of mutation]
  5514 | D:7      | Gained mutation: Your flesh is heat resistant. (rF+)
                  | [potion of mutation]
  5527 | D:7      | HP: 1/41 [bullfrog (8)]
  5528 | D:7      | Slain by a bullfrog

Skill      XL: |  1  2  3  4  5  6  7  8 |
---------------+-------------------------+-----
Conjurations   | 5 6 7 8 9 |  9.8
Spellcasting   | 4 5 6 7 |  7.8
Shields        | 1 2 3 |  3.1
Dodging        | |  2.4
Stealth        | |  2.4

Action                   |  1- 3 |  4- 6 |  7- 9 || total
-------------------------+-------+-------+-------++-------
Melee: Dagger            |    41 |    50 |   239 ||   330
 Cast: Magic Dart        |    57 |    61 |    20 ||   138
       Iskenderun's Myst |       |    15 |    30 ||    45
  Use: Scroll            |       |     2 |     2 ||     4
       Potion            |       |       |     8 ||     8
 Stab: Sleeping          |     1 |     1 |     2 ||     4
  Eat: Chunk             |     2 |     8 |     6 ||    16
       Ration            |       |       |     1 ||     1
Armor: Robe              |    15 |    10 |    30 ||    55
       Skin              |       |       |    24 ||    24
Dodge: Dodged            |    23 |    25 |    83 ||   131
Block: Buckler           |       |     5 |    43 ||    48
